 Dungeon Crawl Stone Soup version 0.28.0-61-g67df4f89a8 (webtiles) character file.

Game seed: 5011290397403305643

7749 AarnesTheHuman the Cleaver (level 11, -5/99 HPs)
             Began as a Hill Orc Fighter on Feb 14, 2023.
             Was an Initiate of Okawaru.
             Slain by an eight-headed hydra (9 damage)
             ... on level 9 of the Dungeon.
             The game lasted 00:17:23 (13186 turns).

AarnesTheHuman the Cleaver (Hill Orc Fighter)      Turns: 13186, Time: 00:17:23

Health: -5/99      AC: 18    Str: 24    XL:     11   Next: 20%
Magic:  11/11      EV:  5    Int:  4    God:    Okawaru [......]
Gold:   299        SH: 30    Dex: 10    Spells: 10/10 levels left

rFire   + . .      SeeInvis .   g - +1 mace (protect)
rCold   . . .      Faith    .   O - +10 tower shield of Ignorance {rN+ Int-4}
rNeg    + . .      Spirit   .   L - +0 chain mail {rPois}
rPois   +          Reflect  +   (no helmet)
rElec   .          Harm     .   (no cloak)
rCorr   .          Rampage  .   A - +0 pair of gloves
Will    .....                   (no boots)
Stlth   ..........              q - amulet of reflection
HPRegen 0.26/turn               N - +4 ring of slaying
MPRegen 0.12/turn               m - ring of protection from fire

@: under a protective aura
A: no striking features
a: Renounce Religion


You were on level 9 of the Dungeon.
You worshipped Okawaru.
Okawaru was noncommittal.
You visited 3 branches of the dungeon, and saw 12 of its levels.

You collected 872 gold pieces.
You spent 573 gold pieces at shops.

Inventory:

Hand Weapons
 a - a +0 vampiric hand axe
 b - a +0 hand crossbow
 g - a +1 mace of protection (weapon)
 H - a +1 hand axe of venom
 I - a +1 war axe
Missiles
 e - 342 stones (quivered)
 h - 6 curare-tipped darts
 p - 45 sling bullets
 t - 34 bolts
 v - 2 throwing nets
 y - 8 poisoned darts
 D - 2 datura-tipped darts
Armour
 A - a +0 pair of gloves (worn)
 L - a +0 chain mail of poison resistance (worn)
 O - the +10 tower shield of Ignorance (worn) {rN+ Int-4}
   (You bought it in a shop on level 2 of the Dungeon)

   Int:       It affects your intelligence (-4).
   rN:        It protects you from negative energy.
Jewellery
 m - a ring of protection from fire (right hand)
 o - a +4 ring of protection
 q - an amulet of reflection (around neck)
 C - an amulet of guardian spirit
 E - a ring of ice
 N - a +4 ring of slaying (left hand)
Wands
 f - a wand of paralysis (5)
 u - a wand of iceblast (22)
 z - a wand of charming (14)
 F - a wand of flame (32)
Scrolls
 k - a scroll of identify
 x - 2 scrolls of fog
 G - 2 scrolls of blinking
 J - 2 scrolls of enchant weapon
 M - a scroll of teleportation
Potions
 d - 2 potions of might
 i - 3 potions of heal wounds
 j - 2 potions of haste
 n - 2 potions of attraction
 r - a potion of mutation
 w - a potion of curing
 K - a potion of flight
Miscellaneous
 c - a condenser vane (inert)


   Skills:
 + Level 10.1 Fighting
 + Level 13.1 Axes
 - Level 4.0 Crossbows
 + Level 7.2 Armour
 - Level 10.0 Shields


You had 10 spell levels left.
You didn't know any spells.
Your spell library contained the following spells:

 Spells                   Type           Power      Damage    Failure   Level
 Sandblast                Erth           0%         2d4       100%        1
 Sting                    Tmut/Pois      0%         1d3       100%        1
 Passwall                 Tmut/Erth      0%         N/A       100%        2
 Poisonous Vapours        Pois/Air       0%         N/A       100%        2
 Stone Arrow              Conj/Erth      0%         3d7       100%        3
 Olgreb's Toxic Radiance  Pois           0%         N/A       100%        4
 Summon Small Mammal      Summ           Unusable   N/A       N/A         1
 Call Canine Familiar     Summ           Unusable   N/A       N/A         3
 Summon Guardian Golem    Hex/Summ       Unusable   N/A       N/A         3

Dungeon Overview and Level Annotations

Branches:
Dungeon (10/15)            Temple (1/1) D:4            Lair (1/6) D:9
    Orc: D:9-12

Altars:
Ashenzari
Cheibriados
Dithmenos
Elyvilon
Fedhas
Gozag
Hepliaklqana
Kikubaaqudgha
Makhleb
Nemelex Xobeh
Okawaru
Qazlal
Ru
Sif Muna
Trog
Uskayaw
Vehumet
Wu Jian
Xom
Yredelemnul
Zin
The Shining One

Shops:
D:2 [   D:7 *=

Annotations:
D:6 2 runed translucent doors, exclusion: statue, raistware's ghost, novice OpCj


Message History

You block the water moccasin's attack.
You block the eight-headed hydra's attack. x3
The eight-headed hydra bites you but does no damage. x2
The eight-headed hydra bites you.
The eight-headed hydra barely misses you.
The eight-headed hydra bites you.
The water moccasin bites you but does no damage.
You completely miss the eight-headed hydra.
The eight-headed hydra is lightly wounded.
You block the water moccasin's attack.
You block the eight-headed hydra's attack. x2
The eight-headed hydra bites you.
The eight-headed hydra bites you but does no damage.
You block the eight-headed hydra's attack.
The eight-headed hydra bites you.
The eight-headed hydra bites you but does no damage.
You block the eight-headed hydra's attack.
The water moccasin bites you but does no damage.
The eight-headed hydra barely misses you.
The eight-headed hydra bites you but does no damage.
You block the eight-headed hydra's attack.
The eight-headed hydra barely misses you.
The eight-headed hydra bites you! x2
* * * LOW HITPOINT WARNING * * *
The eight-headed hydra bites you!
* * * LOW HITPOINT WARNING * * *
The eight-headed hydra bites you but does no damage.
You sock the eight-headed hydra!
The eight-headed hydra is moderately wounded.
You block the water moccasin's attack.
You block the eight-headed hydra's attack. x2
The eight-headed hydra bites you.
* * * LOW HITPOINT WARNING * * *
You block the eight-headed hydra's attack.
The eight-headed hydra bites you but does no damage.
The eight-headed hydra bites you.
* * * LOW HITPOINT WARNING * * *
The eight-headed hydra bites you but does no damage.
The eight-headed hydra bites you!
You die...

......# #.........# #.... ......#
##.........##### #.... ......#
#..........>...###.... ......#
#.#..[.....###.##..... ......#
#########............. ......#
##.....##.######.[...) ......#
#.......#.# #####... ......##
##...S...#.#####.....##
.......####.....@..#..##...#####
.............P.D...##.######
........##.).......##.###########
........###.[......##...##...##..
.....##.# #.....[..####..........
.....##.# ##..[.[..# ##..(......
.....##.####.......# #.........
.######....##...P.## #.........
.# #########...## ##........


You could see an eight-headed hydra and a water moccasin.

Vanquished Creatures
  2 two-headed ogres
  A cyclops (D:7)
  4 centaur zombies
  Maggie (D:7)
  A komodo dragon (D:9)
  A troll (D:8)
  A shadow (D:9)
  A centaur simulacrum (D:10)
  A wyvern (D:9)
  A steam dragon (D:10)
  A swamp worm (D:8)
  2 water moccasins
  10 orc warriors
  An ogre (D:6)
  3 centaurs
  2 phantoms
  3 bullfrogs
  A gnoll sergeant (D:10)
  2 scorpions
  A water moccasin skeleton (D:4)
  3 wights
  A howler monkey (D:8)
  7 orc priests
  A gnoll shaman (D:6)
  2 centaur skeletons
  4 iguanas
  A bullfrog skeleton (D:7)
  18 orc wizards
  Robin (D:4)
  A howler monkey zombie (D:9)
  7 adders
  8 gnolls
  2 howler monkey skeletons
  2 adder skeletons (D:5)
  3 dart slugs
  A worm (D:3)
  39 orcs
  4 endoplasms
  2 giant cockroaches
  16 goblins
  8 hobgoblins
  7 jackals
  4 quokkas
  6 ball pythons
  6 bats
  2 frilled lizards
  10 kobolds
  4 rats
210 creatures vanquished.

Vanquished Creatures (collateral kills)
  An ice beast (D:7)
  A centaur zombie (D:7)
2 creatures vanquished.

Vanquished Creatures (others)
  A fungus (Lair:1)
  44 plants
45 creatures vanquished.

Grand Total: 257 creatures vanquished

Notes
Turn   | Place    | Note
-------+----------+-------------------------------------------
     0 | D:1      | AarnesTheHuman the Hill Orc Fighter began the quest for the
                  | Orb.
     0 | D:1      | Reached XP level 1. HP: 19/19 MP: 1/1
   341 | D:1      | Reached skill level 3 in Axes
   343 | D:1      | Reached XP level 2. HP: 21/27 MP: 2/2
  1026 | D:1      | Reached XP level 3. HP: 33/33 MP: 3/3
  1028 | D:1      | Found a faded altar of an unknown god.
  1474 | D:2      | Found Josmod's Armour Emporium.
  1660 | D:2      | Reached skill level 4 in Axes
  1883 | D:3      | Reached XP level 4. HP: 40/40 MP: 4/4
  1971 | D:3      | Found an opulent altar of Gozag.
  1972 | D:3      | Found a sacrificial altar of Ru.
  1973 | D:3      | Found a snail-covered altar of Cheibriados.
  1973 | D:3      | Found an ancient bone altar of Kikubaaqudgha.
  2201 | D:3      | Found a stormy altar of Qazlal.
  2861 | D:4      | Noticed Robin
  3121 | D:4      | Killed Robin
  3122 | D:4      | Reached XP level 5. HP: 47/47 MP: 5/5
  3257 | D:4      | Reached skill level 5 in Axes
  3437 | D:4      | Found a staircase to the Ecumenical Temple.
  3442 | Temple   | Entered the Ecumenical Temple
  3638 | D:4      | Reached XP level 6. HP: 47/53 MP: 6/6
  3647 | D:4      | Reached skill level 1 in Crossbows
  3701 | D:4      | Noticed an orc warrior
  4316 | D:4      | Killed an orc warrior
  4436 | D:5      | Entered Level 5 of the Dungeon
  4550 | D:5      | Reached skill level 6 in Axes
  4591 | D:5      | Reached skill level 5 in Fighting
  4801 | D:5      | Reached XP level 7. HP: 58/61 MP: 7/7
  5283 | D:5      | Reached skill level 5 in Armour
  5283 | D:5      | Reached skill level 5 in Shields
  5619 | D:6      | Reached skill level 7 in Axes
  5671 | D:6      | Found a runed translucent door.
  5671 | D:6      | Noticed raistware's ghost (novice OpCj)
  5776 | D:6      | Reached XP level 8. HP: 70/70 MP: 8/8
  6020 | D:6      | Found an ornate altar of the Wu Jian Council.
  6109 | D:6      | Found a radiant altar of Vehumet.
  6123 | D:6      | Found a runed translucent door.
  6198 | D:6      | Reached skill level 8 in Axes
  7056 | D:7      | Noticed a cyclops
  7063 | D:7      | Killed a cyclops
  7064 | D:7      | Reached skill level 9 in Axes
  7518 | D:7      | Reached skill level 10 in Axes
  7518 | D:7      | Reached XP level 9. HP: 72/80 MP: 9/9
  7652 | D:7      | Found Meyf's Jewellery Boutique.
  7693 | D:7      | Found Cuefoch's Serpentskin Sales.
  7724 | D:7      | Noticed Maggie
  7799 | D:7      | Killed Maggie
  7800 | D:7      | Reached skill level 11 in Axes
  8120 | D:7      | Reached skill level 10 in Fighting
  8626 | D:8      | Reached XP level 10. HP: 81/93 MP: 10/10
 10005 | D:8      | Reached skill level 12 in Axes
 10520 | D:9      | Found a staircase to the Lair.
 11258 | D:9      | Identified the +1 ring mail of Puqiulit {Stlth+}
 11320 | D:10     | Entered Level 10 of the Dungeon
 11329 | D:10     | Noticed a two-headed ogre
 11352 | D:9      | Killed a two-headed ogre
 11547 | D:10     | Reached skill level 13 in Axes
 11817 | D:10     | Reached XP level 11. HP: 21/99 MP: 11/11
 12356 | D:10     | Noticed a two-headed ogre
 12368 | D:10     | Killed a two-headed ogre
 12369 | D:10     | Reached skill level 10 in Shields
 12676 | D:10     | Found a bloodstained altar of Trog.
 12677 | D:10     | Found an iron altar of Okawaru.
 12698 | D:10     | Became a worshipper of Warmaster Okawaru
 12892 | D:2      | Bought the +10 tower shield of Ignorance {rN+ Int-4} for
                  | 573 gold pieces
 12892 | D:2      | Found the +10 tower shield of Ignorance {rN+ Int-4}
 13089 | Lair:1   | Entered Level 1 of the Lair of Beasts
 13157 | Lair:1   | Noticed an eight-headed hydra
 13157 | Lair:1   | Noticed a five-headed hydra
 13186 | D:9      | HP: 4/99 [eight-headed hydra (2)]
 13186 | D:9      | Slain by an eight-headed hydra

Illustrated notes

Levels and vault maps discovered:
D:1:      dpeg_arrival_circle_labyrinth_c, layout_basic,
          hellmonk_ecumenical_altar_run_dry
D:2:      layout_basic, serial_shops, shop, minmay_close_crescents
D:3:      layout_basic, mainiacjoe_overflow_alcove_3,
          nicolae_overflow_hidden_temple
D:4:      layout_loops_ring, temple_doors_e, uniq_robin
D:5:      layout_basic
D:6:      layout_basic, lemuel_tele_altar, vehumet_statue, ebering_ghost_sewer_f
D:7:      layout_loops_ring, serial_shops, shop, guppyfry_shop_venom,
          uniq_maggie
D:8:      layout_basic, minmay_strange_pillars, worms_lemuel
D:9:      layout_rooms, david_lair_shrubbed,
          hangedman_abyss_or_decor_jellyfish_corner
D:10:     layout_rooms, grunt_temple_overflow_bloody_war,
          hangedman_weighted_door, lemuel_flamethrower_1
Temple:   cyrus_circular_temple
Lair:1:   layout_regular_city, grunt_megastairs_5, uniq_nergalle

Skill      XL: |  1  2  3  4  5  6  7  8  9 10 11 |
---------------+----------------------------------+-----
Axes           | 3 4 5 6 7 10 11 13 | 13.1
Fighting       | 4 5 7 10 | 10.1
Armour         | 4 5 7 |  7.2
Shields        | 4 5 9 10 | 10.0
Crossbows      | 1 2 4 |  4.0

Action                   |  1- 3 |  4- 6 |  7- 9 | 10-12 || total
-------------------------+-------+-------+-------+-------++-------
Melee: War axe           |   113 |   153 |   217 |    29 ||   512
       Hand axe          |       |       |       |   348 ||   348
       Mace              |       |       |       |     6 ||     6
 Fire: Hand crossbow     |       |    29 |    26 |    16 ||    71
Throw: Dart              |       |    10 |       |       ||    10
Evoke: Wand              |       |       |     4 |       ||     4
       Condenser vane    |       |       |       |     1 ||     1
  Use: Scroll            |       |       |    11 |     6 ||    17
Armor: Scale mail        |    15 |       |       |       ||    15
       Chain mail        |    45 |    71 |   110 |   157 ||   383
Dodge: Dodged            |    41 |    49 |    52 |    93 ||   235
Block: Buckler           |    25 |   101 |   138 |   222 ||   486
       Reflection        |       |     1 |     4 |     7 ||    12
       Tower shield      |       |       |       |    36 ||    36
